 Dungeon Crawl Stone Soup version 0.20.1-1-g8b1a95d (webtiles) character file.

672 jmlagarto the Slinger (level 7, -3/46 HPs)
             Began as a Halfling Hunter on Sept 7, 2017.
             Was an Initiate of Okawaru.
             Shot with an arrow by a centaur (18 damage)
             ... on level 5 of the Dungeon.
             The game lasted 00:16:32 (4504 turns).

jmlagarto the Slinger (Halfling Hunter)             Turns: 4504, Time: 00:16:32

Health: -3/46      AC:  4    Str: 13    XL:     7   Next: 90%
Magic:  7/7        EV: 14    Int:  9    God:    Okawaru [......]
Gold:   250        SH:  0    Dex: 17    Spells: 6/6 levels left

rFire    . . .     SeeInvis +   a - +1 hunting sling
rCold    . . .     Gourm    .   (shield restricted)
rNeg     . . .     Faith    .   c - +0 leather armour
rPois    .         Spirit   .   (no helmet)
rElec    .         Reflect  .   (no cloak)
rCorr    .         Harm     +   o - +0 pair of gloves
MR       .....                  (no boots)
Stlth    ++........             D - amulet of harm
Regen    0.2/turn               g - ring of wizardry
MPRegen  0.1/turn               l - ring of see invisible

@: no status effects
A: mutation resistance 1
a: Renounce Religion


You were on level 5 of the Dungeon.
You worshipped Okawaru.
Okawaru was noncommittal.
You were not hungry.

You visited 2 branches of the dungeon, and saw 6 of its levels.

You collected 250 gold pieces.

Inventory:

Hand Weapons
 a - a +1 hunting sling (weapon)
 w - a +2 dagger of electrocution
 x - a +2 dagger of speed
Missiles
 d - 62 sling bullets (quivered)
 j - 110 stones
 n - 35 arrows
 r - 26 poisoned needles
 s - 8 needles of sleeping
 y - 29 bolts
Armour
 c - a +0 leather armour (worn)
 o - a +0 pair of gloves (worn)
Jewellery
 g - a ring of wizardry (left hand)
 l - a ring of see invisible (right hand)
 D - an amulet of harm (around neck)
Wands
 u - a wand of disintegration (4/24)
Scrolls
 e - 2 scrolls of remove curse {unknown}
 h - 4 scrolls of identify {unknown}
 k - 2 scrolls of enchant armour {unknown}
 m - a scroll of amnesia {unknown}
 q - a scroll of teleportation {unknown}
 t - a scroll of fog {unknown}
 v - a scroll of enchant weapon {unknown}
 B - a scroll of recharging {unknown}
 C - a scroll of fear {unknown}
Potions
 b - 2 potions of agility {unknown}
 i - 4 potions of curing
 p - a potion of degeneration {unknown}
 E - a potion of mutation {unknown}
Books
 G - a book of Maledictions

   Spells                             Type                      Level
   a - Corona                         Hexes                        1
   b - Ensorcelled Hibernation        Hexes/Ice                    2
   c - Confuse                        Hexes                        3
   d - Tukima's Dance                 Hexes                        3
   e - Dazzling Spray                 Conjuration/Hexes            3
Comestibles
 f - 6 bread rations
 z - 2 fruits
 A - 2 meat rations
 F - a royal jelly


   Skills:
 + Level 3.3 Fighting
 * Level 11.3 Slings
 + Level 2.1 Armour
 + Level 2.1 Dodging
 + Level 1.3 Stealth


You had 6 spell levels left.
You didn't know any spells.

Dungeon Overview and Level Annotations

Branches:
Dungeon (5/15)             Temple (1/1) D:4

Altars:
Ashenzari
Cheibriados
Dithmenos
Fedhas
Gozag
Hepliaklqana
Kikubaaqudgha
Makhleb
Nemelex Xobeh
Okawaru
Qazlal
Ru
Sif Muna
Trog
Xom
Zin


Innate Abilities, Weirdness & Mutations

You are small and have problems with some larger weapons.
You are somewhat resistant to further mutation.


Message History

Aim: a centaur, wielding a shortbow You shoot a sling bullet.
The sling bullet hits the centaur.
The centaur is lightly wounded.
Firing (i - inventory. (,) - cycle):
d - 64 sling bullets (quivered)
Press: ? - help, Shift-Dir - straight line, f/p - centaur
Aim: a centaur, wielding a shortbow (lightly wounded)
You shoot a sling bullet. The sling bullet hits the centaur.
The centaur is lightly wounded.
The centaur shoots an arrow.
The arrow hits you but does no damage.
Firing (i - inventory. (,) - cycle):
d - 63 sling bullets (quivered)
Press: ? - help, Shift-Dir - straight line, f/p - centaur
Aim: a centaur, wielding a shortbow (lightly wounded)
You shoot a sling bullet.
The sling bullet completely misses the centaur.
The centaur shoots an arrow.
The arrow hits you!
You are too injured to fight recklessly!
The centaur shoots an arrow.
The arrow closely misses you.
You feel better.
The centaur shoots an arrow.
The arrow hits you!
The centaur shoots an arrow.
The arrow hits you!
You die...

#.. #.# +.. ... ..# #.. ..
#.# ##..## #.. .. #.#
.....######.. #. #.#
#...........# #c #.#
#...........# #. #.#
#...........# #.
#@####...........#
#.###....'............
#.(...####...........#
#...c...(##...........+
+........##...........#
...........##...........#
#...........##...........#
#...........##...........#
#...........##...........#


You could see a centaur.

Vanquished Creatures
  Eustachio (D:4)
  A crimson imp (D:3)
  3 orc priests (D:3)
  5 orc wizards
  Ijyb (D:4)
  3 worker ants (D:4)
  6 adders
  An ooze (D:3)
  2 worms
  A dart slug (D:1)
  4 leopard geckos
  15 orcs
  6 bats
  A giant cockroach (D:1)
  9 goblins
  3 hobgoblins
  11 jackals
  10 kobolds
  2 quokkas
  15 frilled lizards
  A jackal skeleton (D:4)
  7 rats
  A fungus (D:1)
109 creatures vanquished.

Notes
Turn   | Place    | Note
-------+----------+-------------------------------------------
     0 | D:1      | jmlagarto the Halfling Hunter began the quest for the Orb.
     0 | D:1      | Reached XP level 1. HP: 14/14 MP: 1/1
    85 | D:1      | Reached skill level 6 in Slings
   194 | D:1      | Reached XP level 2. HP: 19/19 MP: 2/2
   372 | D:1      | Reached XP level 3. HP: 24/24 MP: 3/3
   563 | D:1      | Reached skill level 7 in Slings
  1174 | D:2      | Reached XP level 4. HP: 29/29 MP: 4/4
  1444 | D:2      | Found a stormy altar of Qazlal.
  1554 | D:3      | Reached skill level 8 in Slings
  1558 | D:3      | Reached XP level 5. HP: 12/35 MP: 5/5
  1772 | D:3      | Found a shattered altar of Ashenzari.
  2040 | D:3      | Reached skill level 9 in Slings
  2154 | D:3      | Reached XP level 6. HP: 41/41 MP: 6/6
  2422 | D:3      | Reached skill level 1 in Armour
  2434 | D:3      | Reached skill level 10 in Slings
  2626 | D:3      | Reached XP level 7. HP: 46/46 MP: 7/7
  3151 | D:4      | Noticed Eustachio
  3185 | D:4      | Killed Eustachio
  3343 | D:4      | Noticed Ijyb
  3361 | D:4      | Killed Ijyb
  3388 | D:4      | Found a staircase to the Ecumenical Temple.
  3404 | Temple   | Entered the Ecumenical Temple
  3631 | Temple   | Became a worshipper of Warmaster Okawaru
  3903 | D:4      | Reached skill level 11 in Slings
  4254 | D:5      | Entered Level 5 of the Dungeon
  4504 | D:5      | Shot with an arrow by a centaur

Skill      XL: |  1  2  3  4  5  6  7 |
---------------+----------------------+-----
Fighting       | 2 3 |  3.3
Slings         | 6 7 8 9 10 11 | 11.3
Armour         | 1 2 |  2.1
Dodging        | |  2.1
Stealth        | |  1.3

Action                   |  1- 3 |  4- 6 |  7- 9 || total
-------------------------+-------+-------+-------++-------
Melee: Short sword       |    32 |       |       ||    32
 Fire: Hunting sling     |    85 |   146 |   126 ||   357
  Use: Potion            |       |       |     2 ||     2
  Eat: Meat ration       |     1 |       |       ||     1
       Bread ration      |       |     1 |       ||     1
       Fruit             |       |       |     1 ||     1
Armor: Leather armour    |     2 |     3 |    11 ||    16
Dodge: Dodged            |    19 |    13 |    30 ||    62
